 Dungeon Crawl Stone Soup version 0.21.0 (webtiles) character file.

287 EndlessMike the Poker (level 6, -4/47 HPs)
             Began as a Human Abyssal Knight on Jan 6, 2018.
             Was a Priest of Lugonu.
             Slain by an orc
             ... wielding a +0 trident
              (10 damage)
             ... on level 4 of the Dungeon.
             The game lasted 00:07:26 (3663 turns).

EndlessMike the Poker (Human Abyssal Knight)        Turns: 3663, Time: 00:07:26

Health: -4/47      AC:  6    Str: 14    XL:     6   Next: 56%
Magic:  16/16      EV:  8    Int: 13    God:    Lugonu [***...]
Gold:   98         SH:  3    Dex: 12    Spells: 4/5 levels left

rFire    . . .     SeeInvis .   p - +0 spear (curse)
rCold    . . .     Gourm    .   f - +0 buckler
rNeg     . . .     Faith    .   d - +0 scale mail
rPois    +         Spirit   .   (no helmet)
rElec    .         Reflect  .   (no cloak)
rCorr    .         Harm     .   (no gloves)
MR       .....                  (no boots)
Stlth    ..........             (no amulet)
HPRegen  0.15/turn              m - ring of poison resistance
MPRegen  0.15/turn              q - ring of magical power

@: no status effects
A: no striking features
a: Depart the Abyss, Bend Space, Banish, Renounce Religion


You were on level 4 of the Dungeon.
You worshipped Lugonu.
Lugonu was most pleased with you.
You were not hungry.

You visited 1 branch of the dungeon, and saw 4 of its levels.
You visited the Abyss 1 time.

You collected 98 gold pieces.

Inventory:

Hand Weapons
 p - a cursed +0 spear (weapon)
Armour
 d - a +0 scale mail (worn)
 f - a +0 buckler (worn)
 l - a +0 large shield
Jewellery
 i - an uncursed ring of ice
 m - a ring of poison resistance (left hand)
 q - a ring of magical power (right hand)
Wands
 o - a wand of polymorph (10)
Scrolls
 a - a scroll of teleportation {unknown}
 b - a scroll of enchant weapon {unknown}
 e - a scroll of remove curse {unknown}
 j - a scroll of fog {unknown}
 n - a scroll of immolation
Books
 k - a book of Cantrips

   Spells                             Type                      Level
   a - Confusing Touch                Hexes                        1
   b - Animate Skeleton               Necromancy                   1
   c - Summon Small Mammal            Summoning                    1
   d - Apportation                    Translocation                1
Comestibles
 c - 3 rations


   Skills:
 - Level 3.0 Fighting
 + Level 6.4 Polearms
 - Level 2.0 Armour
 - Level 1.0 Dodging
 - Level 2.0 Invocations


You had 4 spell levels left.
You knew the following spells:

 Your Spells              Type           Power        Failure   Level  Hunger
a - Apportation           Tloc           #.....       91%         1    ##.....


Dungeon Overview and Level Annotations

Branches:
Dungeon (4/15)
 Temple: D:4-7

Altars:
Gozag
Kikubaaqudgha
Sif Muna

Shops:
D:2 *


Message History

The orc hits you but does no damage.
You hit the orc.
You kill the orc!
Lugonu accepts your kill.
You barely miss the orc. The orc closely misses you.
You hit the orc but do no damage. The orc hits you with a trident!
You are too injured to fight recklessly!
You are too injured to fight recklessly!
You are too injured to fight recklessly!
You hit the orc but do no damage. The orc hits you with a trident!
* * * LOW HITPOINT WARNING * * *
Your shield and scale mail prevent you from hitting the orc.
The orc hits you with a trident.
* * * LOW HITPOINT WARNING * * *
The orc closely misses you. You block the orc's attack.
The orc hits you with a trident.
* * * LOW HITPOINT WARNING * * *
The orc hits you with a trident!
You die...

######### #........ ####
####### ####.##### ...#
#.....# #.(......# # ##.#
#.###.###.o#.##..##.#####
#.#
#.#......@...##..<)......
##.#
#.#.#.###..#.##.!.#.#####
.#.#
#.....###..#........#
.#.#
###.#...#...........#
.#.# #...#.#.#####..####
.#.# ###...#.. ...# ...#
##.#### ###.# .### #.#
#+# .# #.#


You could see an orc (berserk).

Vanquished Creatures
  2 orc priests (D:3)
  3 orc wizards
  A worker ant (D:4)
  2 adders
  An ooze (D:2)
  4 worms
  2 dart slugs
  3 leopard geckos
  9 orcs
  A ball python (D:3)
  3 giant cockroaches (D:1)
  7 goblins
  9 hobgoblins
  6 jackals
  3 quokkas (D:2)
  5 bats
  7 frilled lizards
  6 kobolds
  6 rats
80 creatures vanquished.

Notes
Turn   | Place    | Note
-------+----------+-------------------------------------------
     0 | Abyss:1  | EndlessMike the Human Abyssal Knight began the quest for the Orb.
     0 | Abyss:1  | Reached XP level 1. HP: 18/18 MP: 2/2
    36 | Abyss:1  | Noticed a raiju
    42 | Abyss:1  | Noticed an ancient zyme
    45 | Abyss:1  | Noticed a raiju
    50 | D:1      | Escaped the Abyss
   128 | D:1      | Reached * piety under Lugonu
   128 | D:1      | Reached XP level 2. HP: 23/24 MP: 3/3
   213 | D:1      | Reached skill level 3 in Polearms
   261 | D:1      | Reached XP level 3. HP: 29/29 MP: 4/4
   963 | D:2      | Reached skill level 4 in Polearms
   963 | D:2      | Reached XP level 4. HP: 31/35 MP: 5/5
   994 | D:2      | Learned a level 1 spell: Apportation
  1015 | D:2      | Found Gozag's Platinum Reserve.
  1156 | D:2      | Reached ** piety under Lugonu
  1229 | D:2      | Found an opulent altar of Gozag.
  1485 | D:2      | Found an ancient bone altar of Kikubaaqudgha.
  1773 | D:3      | Reached XP level 5. HP: 21/41 MP: 6/6
  1799 | D:2      | Reached skill level 5 in Polearms
  2076 | D:3      | Found a deep blue altar of Sif Muna.
  2847 | D:4      | Reached *** piety under Lugonu
  2847 | D:4      | Reached XP level 6. HP: 5/47 MP: 7/7
  2849 | D:4      | Reached skill level 6 in Polearms
  3663 | D:4      | Slain by an orc

Skill      XL: |  1  2  3  4  5  6 |
---------------+-------------------+-----
Polearms       | 3 4 5 6 |  6.4
Fighting       | |  3.0
Armour         | |  2.0
Dodging        | |  1.0
Invocations    | |  2.0

Action                   |  1- 3 |  4- 6 || total
-------------------------+-------+-------++-------
Melee: Spear             |   105 |   305 ||   410
Invok: Depart the Abyss  |     1 |       ||     1
  Use: Potion            |       |     1 ||     1
       Scroll            |       |     3 ||     3
  Eat: Chunk             |       |     7 ||     7
       Ration            |       |     1 ||     1
Armor: Scale mail        |    44 |   101 ||   145
Dodge: Dodged            |    35 |    99 ||   134
Block: Buckler           |     6 |    25 ||    31
